 Dungeon Crawl Stone Soup version 0.32-a0-975-g85d4e5bfdb (webtiles) character file.

Game seed: 13201875235393160476

2025 kae the Mimic (level 9, -3/59 HPs)
             Began as a Demonspawn Shapeshifter on Apr 18, 2024.
             Was a Follower of Ru.
             Shot with a sling bullet by Joseph (8 damage)
             ... on level 7 of the Dungeon.
             The game lasted 00:05:26 (5413 turns).

kae the Mimic (Demonspawn Shapeshifter)             Turns: 5413, Time: 00:05:26

Health: -3/59      AC:  0    Str: 14    XL:     9   Next: 3%
Magic:  9/9        EV: 15    Int: 12    God:    Ru [*.....]
Gold:   331        SH:  0    Dex: 16    Spells: 8/8 levels left

rFire   . .          .
                       - Unarmed
rCold   . . .        (shield currently unavailable)
rNeg    . . .        a - melded +0 animal skin
rPois   .            (helmet restricted)
rElec   .            (no cloak)
rCorr   .            (no gloves)
SInv    .            (no boots)
Will    .....        g - amulet of regeneration
Stlth   +            Y - +4 ring of slaying
HPRegen 1.09/turn    (no ring)
MPRegen 0.11/turn

%: no passive effects
@: flux-form, glowing
A: glow, contaminating, antennae 1, claws 1, inability to read after injury 2,
weakness stinger 2
a: Begin Untransformation, Renounce Religion


You were on level 7 of the Dungeon.
You worshipped Ru.
Ru was aware of your devotion.
You were something dangerously unstable.
You visited 1 branch of the dungeon, and saw 7 of its levels.

You collected 331 gold pieces.


Innate Abilities, Weirdness & Mutations

You are something dangerously unstable.
You glow with magical radiation, making you easy to see and hit.
Foes you strike become dangerously contaminated with magical radiation.
You are incapable of wielding weapons or throwing items.
You have a pair of small antennae on your head.
You have sharp fingernails.
You sometimes lose the ability to read scrolls when taking damage.
You have a tail ending in a sharp stinger.


   Skills:
 - Level 1.0 Fighting
 - Level 1.7 Dodging
 + Level 6.9 Unarmed Combat
 * Level 8.6 Shapeshifting


You had 8 spell levels left.
You didn't know any spells.
Your spell library contained the following spells:

 Spells                   Type           Power      Damage    Failure   Level
 Leda's Liquefaction      Alch/Erth      0%         N/A       97%         4
 Lee's Rapid Deconstruct  Erth           0%         3d4*      100%        5
 Permafrost Eruption      Ice/Erth       0%         2x4d1     100%        6

Inventory:

Missiles
 e - 53 stones (quivered)
 k - 3 boomerangs
 o - 6 poisoned darts
Armour
 a - a +0 animal skin (melded)
Magical Staves
 w - a staff of cold {!a}
   (You found it on level 7 of the Dungeon)
Jewellery
 g - an amulet of regeneration (around neck)
   (You found it on level 3 of the Dungeon)
 E - a +5 ring of evasion
   (You found it on level 6 of the Dungeon)
 Y - a +4 ring of slaying (left claw)
   (You found it on level 3 of the Dungeon)
Talismans
 c - a beast talisman
 d - a flux talisman (active)
 r - a maw talisman
   (You found it on level 6 of the Dungeon)
Wands
 n - a wand of flame (25)
   (You found it on level 6 of the Dungeon)
Scrolls
 f - 3 scrolls of teleportation {@r4}
 l - a scroll of blinking {!r}
 t - a scroll of vulnerability {!r!r}
Potions
 b - 2 potions of lignification {!q}
 h - a potion of berserk rage {!q}
 i - a potion of enlightenment
 j - 4 potions of curing {unknown}
 m - 2 potions of heal wounds {unknown}
 p - a potion of invisibility
 q - a potion of brilliance
 s - a potion of resistance

Dungeon Overview and Level Annotations

Branches:
Dungeon (7/15) Zot: 26835  Temple (0/1) D:6

Altars:
Hepliaklqana
Ru
Trog
Vehumet
Xom

Shops:
D:1 !   D:3 [[   D:4 [

Annotations:
D:6 1 runed translucent door, ParallaxScroll's ghost, novice FoAr
D:7 Joseph

#.......#### #.#..oo.....
.. #.#.....#### .@#
##....o..######..##
#........##.........
....#####.##......... #..#
#.##.........
..#..######..#.........
..............p.........
....>#.########......<...
$...........####......####
.........##.^..†...##o#
............#.####.# #
.....................
.......................
........................
..........##############


You could see Joseph and 2 orcs.


Message History

You feel agile. x2; Your demonic ancestry asserts itself...
Your tail grows a sharp stinger. 😕 HP[+6] MP[+1]
You now have 59 max hp (+5).
You regained 6 hp, and now have 58/59 hp.
Your mp is fully restored (9).
You closely miss the orc wizard.
You tail-slap the orc wizard, but do no damage.
The orc closely misses you.
The orc wizard completely misses you. 😎 HP[+1]
Your hp is fully restored (59).
You barely miss the orc wizard.
Your tail-slap misses the orc wizard.
The orc priest looks satisfied for a moment.
The orc barely misses you.
The orc wizard hits you with a +0 dagger. 😕 HP[-4]
You take 4 damage, and now have 55/59 hp.
You scratch the orc wizard.
The orc wizard begins to glow.
You redirect the orc priest's attack!
The orc completely misses you. The orc wizard closely misses you.
An orc comes into view.
It is wielding a +0 club. 😕 HP[+1] Unknown command.
The orc shouts!
You scratch the orc wizard.
The orc wizard glows dangerously bright.
You tail-slap the orc wizard. The orc priest hits you with a +3 mace.
The orc barely misses you.
The orc wizard barely misses you. 😕 HP[-5]
You take 5 damage, and now have 51/59 hp.
You barely miss the orc wizard. 😕 HP[+1] Unknown command.
You barely miss the orc wizard. You tail-slap the orc wizard.
The orc priest closely misses you. The orc misses you.
The orc wizard misses you.
An orc comes into view.
It is wielding a +0 club. 😕 HP[+1] Unknown command.
You claw the orc wizard!
You kill the orc wizard!
The orc priest hits you with a +3 mace.
The orc is stunned by your conviction and fails to attack. 😕 HP[-1]
You take 1 damage, and now have 52/59 hp.
You scratch the orc priest.
The orc priest begins to glow.
The orc priest mumbles some strange prayers to Beogh against you.
Beogh smites you!
The orc hits you with a +0 falchion. 😮 HP[-13]
You take 13 damage, and now have 39/59 hp.
MASSIVE DAMAGE!! (PAUSE)
You scratch the orc priest.
The orc priest glows dangerously bright.
The orc priest invokes the aid of Beogh against you.
Beogh smites you!
* * * LOW HITPOINT WARNING * * *
The orc closely misses you. The orc hits you with a +0 club.
* * * LOW HITPOINT WARNING * * *
😨 HP[-19]
You take 19 damage, and now have 20/59 hp.
MASSIVE DAMAGE!! (PAUSE)
You barely miss the orc priest. The orc priest closely misses you.
The orc barely misses you.
The orc completely misses you. 😨 HP[+1] Unknown command.
You claw the orc priest!
The orc priest shudders as magic cascades through it!!
You kill the orc priest!
The orc closely misses you. The orc hits you with a +0 falchion!
* * * LOW HITPOINT WARNING * * *
The orc hits you with a +0 club.
* * * LOW HITPOINT WARNING * * *
The orc closely misses you. x2; The orc hits you with a +0 club.
* * * LOW HITPOINT WARNING * * *
There is a stone staircase leading up here.
Things that are here:
a +3 mace; a +0 leather armour; 😱 HP[-12]
You take 12 damage, and now have 9/59 hp.
MASSIVE DAMAGE!! (PAUSE)
You closely miss the orc. The orc barely misses you.
The orc hits you with a +0 falchion!
* * * LOW HITPOINT WARNING * * *
The orc closely misses you. 😱 HP[-8]
You take 8 damage, and now have 1/59 hp.
Unknown command.
Okay, then.
Blink to where?
Press: ? - help, Dir - move target
As you read the scroll of blinking {!r}, it crumbles to dust. 😱 HP[+1] 😱 HP[+1]
An orc comes into view.
It is wielding a +0 hand axe. 😱 HP[+1] Joseph, a Mercenary comes into view.
He is wielding a +0 quarterstaff.
The orc shouts!
Joseph unwields a +0 quarterstaff.
Joseph wields a +0 sling.
Joseph shoots a sling bullet.
The sling bullet hits you!
You die...
Ru respects your ultimate sacrifice.

Skill      XL: |  1  2  3  4  5  6  7  8 |
---------------+-------------------------+-----
Shapeshifting  | 3 4 5 6 8 |  8.6
Unarmed Combat | 3 4 5 6 |  6.9
Fighting       | |  1.0
Dodging        | |  1.7

Action                     |  1- 3 |  4- 6 |  7- 9 || total
---------------------------+-------+-------+-------++-------
  Melee: Unarmed           |   114 |    97 |   180 ||   391
         Tailslap          |    11 |    16 |    28 ||    55
         Punch             |     1 |     5 |     2 ||     8
 Invoke: Sacrifice Words   |       |       |     1 ||     1
    Use: Scroll            |     3 |     7 |     6 ||    16
         Potion            |       |     1 |     1 ||     2
   Stab: Sleeping          |     3 |       |       ||     3
         Fleeing           |       |       |     1 ||     1
 Armour: Animal skin       |    54 |    74 |     1 ||   129
         Skin              |       |       |   121 ||   121
  Dodge: Dodged            |    61 |    45 |   147 ||   253
   Form: Flux              |       |       |     1 ||     1

Levels and vault maps discovered:
D:1:      kb_arrival_jail, layout_loops_ring, serial_shops, shop_fountains,
          dreamdust_mushroom_princess, wander_ebering_terrifying_dragon_lair
D:2:      layout_basic
D:3:      layout_rooms, chequers_temple_overflow_minitemple, serial_shops, shop,
          nicolae_lakefront_shop
D:4:      layout_basic, nicolae_ru_awakened_eye, nicolae_shop_dragon_depot
D:5:      layout_loops_corners
D:6:      layout_basic, minmay_temple_entry_slanted, ebering_ghost_xom
D:7:      layout_rooms, lightli_temple_of_fire, serial_shops,
          nicolae_shop_pleasant_corner_grove, uniq_joseph

Notes
Turn   | Place    | Note
-------+----------+-------------------------------------------
     0 | D:1      | kae the Demonspawn Shapeshifter began the quest for the
                  | Orb.
     0 | D:1      | Reached XP level 1. HP: 15/15 MP: 1/1
     0 | D:1      | magus.rc [v1.11.3]
     2 | D:1      | Noticed a vampire
     2 | D:1      | Noticed a ghoul
     4 | D:1      | Noticed a draconian
     4 | D:1      | Noticed a human
     6 | D:1      | Noticed a troll
     6 | D:1      | Noticed a felid
     8 | D:1      | Noticed a formicid
    10 | D:1      | Noticed a demigod
    10 | D:1      | Noticed a naga
    12 | D:1      | Noticed a gargoyle
    12 | D:1      | Noticed a tengu
    14 | D:1      | Noticed a barachi
    16 | D:1      | Noticed a merfolk
    16 | D:1      | Noticed a spriggan
    18 | D:1      | Noticed a djinni
    18 | D:1      | Noticed a minotaur
    20 | D:1      | Noticed a demonspawn
    22 | D:1      | Noticed a dwarf
    24 | D:1      | Noticed an armataur
    24 | D:1      | Noticed an elf
    26 | D:1      | Noticed a vine stalker
    26 | D:1      | Noticed an octopode
    28 | D:1      | Noticed an oni
   116 | D:1      | Reached skill level 3 in Shapeshifting
   116 | D:1      | You feel monstrous as your demonic heritage exerts itself.
   116 | D:1      | Discovered your monstrous ancestry.
   116 | D:1      | Gained mutation: You have a small tail. [demonic ancestry]
   116 | D:1      | Reached XP level 2. HP: 17/21 MP: 2/2
   157 | D:1      | Reached skill level 3 in Unarmed Combat
   251 | D:1      | Found Nirricas's Distillery.
   488 | D:1      | Gained mutation: You have a pair of small antennae on your
                  | head. [demonic ancestry]
   488 | D:1      | Reached XP level 3. HP: 23/26 MP: 3/3
   824 | D:2      | You fall into a shaft and drop 1 floor!
  1253 | D:2      | You pick up a book of the Earth and begin reading...
  1253 | D:2      | You add the spells Leda's Liquefaction, Lee's Rapid
                  | Deconstruction and Permafrost Eruption to your library.
  1356 | D:2      | Reached XP level 4. HP: 32/32 MP: 4/4
  2001 | D:3      | Found Zosixza's Antique Armour Shop.
  2062 | D:3      | Found Qamesme's Armour Boutique.
  2182 | D:3      | Found a faded altar of an unknown god.
  2182 | D:3      | Found a radiant altar of Vehumet.
  2189 | D:3      | Found a bloodstained altar of Trog.
  2191 | D:3      | Found a faded altar of an unknown god.
  2193 | D:3      | Found a hazy altar of Hepliaklqana.
  2301 | D:4      | Noticed a sky beast
  2308 | D:4      | Killed a sky beast
  2309 | D:4      | Reached skill level 4 in Shapeshifting
  2309 | D:4      | Reached XP level 5. HP: 23/37 MP: 5/5
  2387 | D:4      | Found a sacrificial altar of Ru.
  2402 | D:4      | Noticed an ogre
  2420 | D:4      | Became a worshipper of Ru the Awakened
  2425 | D:4      | HP: 2/37 [ogre/+0 giant club (21)]
  2427 | D:4      | Killed an ogre
  2428 | D:4      | Reached skill level 4 in Unarmed Combat
  2428 | D:4      | Gained mutation: You have sharp fingernails. [demonic
                  | ancestry]
  2428 | D:4      | Reached XP level 6. HP: 4/43 MP: 6/6
  2477 | D:4      | Reached skill level 5 in Shapeshifting
  2705 | D:4      | HP: 10/43 [gnoll/+0 spear (5)]
  3332 | D:4      | Found Ninurta's Dragon-Slaying Spoils.
  3402 | D:5      | Entered Level 5 of the Dungeon
  3633 | D:5      | HP: 8/43 [black bear (9)]
  3635 | D:5      | Reached XP level 7. HP: 10/48 MP: 7/7
  3706 | D:5      | Reached skill level 5 in Unarmed Combat
  3706 | D:5      | Reached skill level 6 in Shapeshifting
  4310 | D:5      | Gained mutation: You occasionally lose the ability to read
                  | scrolls when taking damage. [Ru sacrifice]
  4310 | D:5      | Gained mutation: You sometimes lose the ability to read
                  | scrolls when taking damage. [Ru sacrifice]
  4310 | D:5      | Reached * piety under Ru
  4435 | D:6      | Found a staircase to the Ecumenical Temple.
  4458 | D:6      | HP: 10/44 [wight/+2 halberd (16)]
  4532 | D:6      | HP: 3/45 [something/puff of flame (12)]
  4581 | D:6      | Reached XP level 8. HP: 42/54 MP: 8/8
  4593 | D:6      | Reached skill level 7 in Shapeshifting
  4737 | D:6      | Reached skill level 6 in Unarmed Combat
  4738 | D:6      | HP: 9/54 [scorpion (7)]
  4743 | D:6      | HP: 6/54 [poisoned by a scorpion]
  5186 | D:6      | Found a runed translucent door.
  5186 | D:6      | Found a shimmering altar of Xom.
  5186 | D:6      | Noticed ParallaxScroll's ghost (novice FoAr)
  5193 | D:6      | Noticed a +1 rapier of chaos
  5206 | D:6      | Reached skill level 8 in Shapeshifting
  5335 | D:7      | HP: 12/54 [ufetubus (5)]
  5397 | D:7      | Gained mutation: You have a tail ending in a sharp stinger.
                  | [demonic ancestry]
  5397 | D:7      | Reached XP level 9. HP: 58/59 MP: 9/9
  5407 | D:7      | HP: 13/59 [orc/+0 falchion (9)]
  5409 | D:7      | HP: 1/59 [orc/+0 falchion (9)]
  5413 | D:7      | Noticed Joseph
  5413 | D:7      | Shot with a sling bullet by Joseph

Vanquished Creatures
  A steam dragon (D:6)
  A water moccasin (D:6)
  An orc warrior (D:6)
  2 black bears
  A sky beast (D:4)
  A centaur (D:7)
  2 ogres
  2 scorpions (D:6)
  3 wights (D:6)
  3 killer bees (D:7)
  A howler monkey (D:5)
  4 hounds
  2 jellies
  2 orc priests
  3 sleepcaps
  4 iguanas
  4 orc wizards
  3 adders
  3 gnolls (D:4)
  A white imp (D:5)
  4 ufetubi
  2 ribbon worms
  2 dart slugs
  12 orcs
  5 endoplasms
  9 goblins
  10 hobgoblins
  14 jackals
  10 kobolds
  4 ball pythons
  4 bats
  2 frilled lizards
  9 rats
131 creatures vanquished.

Table legend:
 A = Non-vault XP
 B = Vault XP
 C = Vault XP percentage of total XP
 D = Non-vault monster count
 E = Vault monster count
 F = Vault count percentage of total count
                 A         B        C        D         E       F
            +---------+---------+-------+---------+---------+-------
      Total |    2893 |       1 |   0.0 |     130 |       1 |   0.8
            +---------+---------+-------+---------+---------+-------
        D:1 |      59 |       1 |   1.7 |      34 |       1 |   2.9
        D:2 |      42 |       0 |   0.0 |      17 |       0 |   0.0
        D:3 |      25 |       0 |   0.0 |      11 |       0 |   0.0
        D:4 |     437 |       0 |   0.0 |      16 |       0 |   0.0
        D:5 |     511 |       0 |   0.0 |      16 |       0 |   0.0
        D:6 |    1309 |       0 |   0.0 |      24 |       0 |   0.0
        D:7 |     510 |       0 |   0.0 |      12 |       0 |   0.0
            +---------+---------+-------+---------+---------+-------

Skill      XL: |  1  2  3  4  5  6  7  8 |
---------------+-------------------------+-----
Shapeshifting  | 3 4 5 6 8 |  8.6
Unarmed Combat | 3 4 5 6 |  6.9
Fighting       | |  1.0
Dodging        | |  1.7

Action                     |  1- 3 |  4- 6 |  7- 9 || total
---------------------------+-------+-------+-------++-------
  Melee: Unarmed           |   114 |    97 |   180 ||   391
         Tailslap          |    11 |    16 |    28 ||    55
         Punch             |     1 |     5 |     2 ||     8
 Invoke: Sacrifice Words   |       |       |     1 ||     1
    Use: Scroll            |     3 |     7 |     6 ||    16
         Potion            |       |     1 |     1 ||     2
   Stab: Sleeping          |     3 |       |       ||     3
         Fleeing           |       |       |     1 ||     1
 Armour: Animal skin       |    54 |    74 |     1 ||   129
         Skin              |       |       |   121 ||   121
  Dodge: Dodged            |    61 |    45 |   147 ||   253
   Form: Flux              |       |       |     1 ||     1

Illustrated notes

Table legend:
 A = Kills in this place as a percentage of kills in the entire game.
 B = Kills by you in this place as a percentage of kills by you in the entire game.
 C = Kills by friends in this place as a percentage of kills by friends in the entire game.
 D = Other kills in this place as a percentage of other kills in the entire game.
 E = Experience gained in this place as a percentage of experience gained in the entire game.
 F = Experience gained in this place divided by the number of levels of this place that you have seen.
                   A       B       C       D       E      F
               +-------+-------+-------+-------+-------+----------------------
         Total | 100.0 | 100.0 |   N/A |   N/A | 100.0 | 413.4
       Dungeon | 100.0 | 100.0 |   N/A |   N/A | 100.0 | 413.4
               +-------+-------+-------+-------+-------+----------------------

Table legend: (Time is in decaauts)
 A = Elapsed time spent in this place.
 B = Non-inter-level travel time spent in this place.
 C = Inter-level travel time spent in this place.
 D = Time resting spent in this place.
 E = Time spent auto-exploring this place.
 F = Levels seen in this place.
 G = Mean time per level.
                   A        B        C        D        E       F      G
               +--------+--------+--------+--------+--------+-----+--------+
         Total |   5390 |   5191 |    199 |    525 |   3735 |   7 |  770.0 |
       Dungeon |   5390 |   5191 |    199 |    525 |   3735 |   7 |  770.0 |
               +--------+--------+--------+--------+--------+-----+--------+

Top non-repeatable levels by time:
     D:4: 967 daAuts
     D:5: 940 daAuts
     D:6: 885 daAuts
     D:2: 838 daAuts
     D:1: 807 daAuts
     D:3: 787 daAuts
     D:7: 163 daAuts
